[Event "Team 45 45 League T44"]
[Site "Internet Chess Club"]
[Date "2010.03.07"]
[Round "5"]
[White "tightfist"]
[Black "MisticKnights"]
[Result "1/2-1/2"]
[WhiteElo "1549"]
[BlackElo "1904"]
[Opening "Giuoco Piano: four knights variation"]
[ECO "C26"]
[Time "20:02:17"]
[TimeControl "2700+45"]

1. Nc3 e5 2. e4 Nf6 3. Bc4 Bc5 4. Nf3 Nc6 5. O-O O-O 6. Re1 Ng4 7. Rf1 Qe7 8. a3
Kh8 9. b4 Bd4 10. Nd5 Qd6 11. Nxd4 Nxd4 12. Qxg4 b5 13. Bb3 f5 14. exf5 Nxb3 15.
cxb3 Qxd5 16. Bb2 d6 17. Qd1 Bxf5 18. Rc1 Rac8 19. Rc3 Bd3 20. Re1 e4 21. Qg4
Qf5 22. Qxf5 Rxf5 23. Rc6 Rf7 24. Bd4 Kg8 25. Rec1 Kf8 26. Rxd6 c6 27. Rdxc6
Rxc6 28. Rxc6 Ke8 29. Be3 Kd8 30. h3 Rc7 31. Rxc7 Kxc7 32. Bxa7 Bc2 33. Kf1 Bxb3
34. Ke2 Kc6 35. Ke3 Kd5 36. d3 exd3 37. Kxd3 Bc4+ 38. Ke3 Bf1 39. Kf3 Kc4 40.
Be3 Kb3 41. Kg3 Kxa3 42. Bc5 Bd3 43. f4 h5 44. Kh4 Be2 45. g4 hxg4 46. hxg4 Kb3
47. Kg5 Kc4 48. f5 Kd5 49. Kf4 g6 50. f6 Ke6 51. g5 Bd3 52. Ke3 Bc4 53. Kf4 Bd3
54. Ke3 Bc4 55. Ke4 Bd5+ 56. Kd4 Bc4 57. Bf8 Kf7 58. Bh6 Be2 59. Kc5 Bc4 60. Kd6
Bf1 61. Kd7 Bc4 62. Kd8 Bf1 {Game drawn by mutual agreement} 1/2-1/2

[Event "Team 45 45 League T44"]
[Site "Internet Chess Club"]
[Date "2010.03.05"]
[Round "5"]
[White "Frankly"]
[Black "AngryPirate"]
[Result "0-1"]
[WhiteElo "1689"]
[BlackElo "1484"]
[Opening "Nimzo-Indian: 4.e3"]
[ECO "E40"]
[Time "16:30:58"]
[TimeControl "2700+45"]

1. d4 e6 2. c4 Nf6 3. Nc3 Bb4 4. e3 Bxc3+ 5. bxc3 b6 6. Ne2 Bb7 7. Nf4 d6 8. Bd3
g5 9. Ne2 h6 10. O-O Nbd7 11. Qc2 Qe7 12. a4 a5 13. Ba3 O-O-O 14. Rab1 h5 15.
Ng3 h4 16. Ne4 Nh5 17. c5 f5 18. cxd6 Qf8 19. dxc7 Qxa3 20. cxd8=Q+ Kxd8 21.
Nxg5 Rg8 22. f4 Qe7 23. Bb5 Ndf6 24. Qa2 Nd5 25. Qd2 Nhf6 26. c4 Nb4 27. c5 Ne4
28. Nxe4 Bxe4 29. cxb6 Qb7 30. Rbc1 Bxg2 31. Kf2 Qf3+ 32. Kg1 Bh1+ {White
resigns} 0-1

[Event "Team 45 45 League T44"]
[Site "Internet Chess Club"]
[Date "2010.03.08"]
[Round "5"]
[White "Caminator"]
[Black "jefferyx"]
[Result "0-1"]
[WhiteElo "1894"]
[BlackElo "2158"]
[Opening "Sicilian: closed"]
[ECO "B24"]
[Time "19:00:12"]
[TimeControl "2700+45"]

1. e4 c5 2. Nc3 Nc6 3. g3 g6 4. Bg2 Bg7 5. d3 e6 6. Be3 Nd4 7. Qd2 h5 8. Nd1 d6
9. c3 Nc6 10. Ne2 Nge7 11. h3 Rb8 12. O-O b6 13. a4 Ba6 14. f4 Qc7 15. Rc1 Na5
16. Rb1 b5 17. axb5 Rxb5 18. c4 Rb4 19. Qc2 f5 20. Bd2 fxe4 21. Bxb4 exd3 22.
Qxd3 cxb4 23. b3 O-O 24. Kh2 Nf5 25. Qd2 Qc5 26. Nf2 Ne3 27. Rg1 Nxg2 28. Rxg2
Bb7 29. Nd3 Qc6 30. Rf2 Nxb3 31. Qe3 Qxc4 32. Nxb4 Nd4 33. Nxd4 Bxd4 34. Qe2
Qxe2 35. Rxe2 e5 36. Nc2 Bb6 37. fxe5 dxe5 38. Na3 Ba6 39. Rd2 e4 40. Nb5 e3 41.
Ra2 Rf2+ 42. Rxf2 exf2 43. Kg2 Kf7 44. h4 Ke7 45. Rb2 Kd7 46. Rb1 Kc6 47. Nc3
f1=Q+ 48. Rxf1 Bxf1+ 49. Kxf1 Kd6 50. Ke2 Ke5 51. Kf3 Bd4 52. Nb5 a5 53. Na3 Kd5
54. Kf4 Bb2 55. Nc2 Bc1+ 56. Kf3 Kc4 57. Ke4 a4 58. Ke5 Bb2+ 59. Ke6 Kb3 60. Ne1
a3 {White resigns} 0-1

[Event "Team 45 45 League T44"]
[Site "Internet Chess Club"]
[Date "2010.03.08"]
[Round "5"]
[White "vkpanch"]
[Black "OOB1"]
[Result "0-1"]
[WhiteElo "1678"]
[BlackElo "1579"]
[Opening "Sicilian: Taimanov variation"]
[ECO "B45"]
[Time "21:44:27"]
[TimeControl "2700+45"]

1. e4 c5 2. Nf3 Nc6 3. d4 cxd4 4. Nxd4 e6 5. Nc3 Nf6 6. Be3 Bb4 7. f3 d5 8. Bb5
Bd7 9. O-O O-O 10. Bg5 Be7 11. Nde2 dxe4 12. Bxc6 Qb6+ 13. Qd4 Bc5 14. Bxf6 gxf6
15. Bxe4 Bxd4+ 16. Nxd4 Qxd4+ 17. Kh1 Qb6 18. Rad1 Rad8 19. f4 Qxb2 20. Rf3 f5
21. Rb1 Qxb1+ 22. Nxb1 fxe4 23. Rg3+ Kh8 24. Na3 Bc6 25. h3 Rg8 26. Re3 f5
{White resigns} 0-1

[Event "Team 45 45 League T44"]
[Site "Internet Chess Club"]
[Date "2010.03.10"]
[Round "5"]
[White "kidcobra"]
[Black "soccerisfun"]
[Result "1/2-1/2"]
[WhiteElo "1611"]
[BlackElo "1593"]
[Opening "Giuoco Piano"]
[ECO "C50"]
[Time "17:00:54"]
[TimeControl "2700+45"]

1. e4 e5 2. Nf3 Nc6 3. Bc4 Bc5 4. Nc3 d6 5. O-O Bg4 6. h3 Bh5 7. a3 Nd4 8. Be2
Nxe2+ 9. Qxe2 Nf6 10. d3 Qd7 11. Bg5 h6 12. Bxf6 gxf6 13. Nd5 Qd8 14. Rfe1 c6
15. Ne3 Bg6 16. Nf5 Qd7 17. N3h4 O-O-O 18. c3 d5 19. b4 Bb6 20. Qf3 Bxf5 21.
Qxf5 Qxf5 22. Nxf5 d4 23. c4 c5 24. Red1 Kd7 25. Rab1 Rc8 26. Re1 h5 27. Re2 Rc7
28. Rbb2 Rh7 29. Re1 Rh8 30. Ree2 Rh7 {Game drawn by mutual agreement} 1/2-1/2

[Event "Team 45 45 League T44"]
[Site "Internet Chess Club"]
[Date "2010.03.07"]
[Round "5"]
[White "monsterpawn"]
[Black "toolate"]
[Result "1-0"]
[WhiteElo "1979"]
[BlackElo "1743"]
[Opening "QGD Slav defense"]
[ECO "D10"]
[Time "17:07:32"]
[TimeControl "2700+45"]

1. d4 d5 2. c4 c6 3. Nc3 Bf5 4. cxd5 cxd5 5. Qb3 e6 6. Qxb7 Nd7 7. Bf4 Ngf6 8.
e3 Be7 9. Bc7 Qc8 10. Ba6 O-O 11. Qxc8 Raxc8 12. Bxc8 Rxc8 13. Bg3 Bb4 14. Rc1
Ne4 15. Ne2 Nb6 16. O-O Nd2 17. Rfd1 Ndc4 18. Nb5 Nxb2 19. Rxc8+ Nxc8 20. Rc1
Nc4 21. Nec3 a6 22. Nc7 Ba3 23. Rf1 Bd3 24. Rd1 Bc2 25. Re1 Bb4 26. Rc1 Na3 27.
Nb1 Bxb1 28. Nxd5 Nc2 29. Nxb4 {Black resigns} 1-0

[Event "Team 45 45 League T44"]
[Site "Internet Chess Club"]
[Date "2010.03.08"]
[Round "5"]
[White "Nosferatu1"]
[Black "Marichan"]
[Result "0-1"]
[WhiteElo "1825"]
[BlackElo "1959"]
[Opening "King's Indian: Sämisch, 6...Nc6"]
[ECO "E83"]
[Time "16:01:34"]
[TimeControl "2700+45"]

1. d4 Nf6 2. c4 g6 3. Nc3 Bg7 4. e4 d6 5. f3 O-O 6. Be3 Nc6 7. Nge2 e5 8. d5 Ne7
9. Qd2 Nd7 10. Bh6 f5 11. Bxg7 Kxg7 12. O-O-O fxe4 13. Nxe4 Nf6 14. N2c3 Nf5 15.
Ne2 Nxe4 16. fxe4 Nh6 17. h3 Qh4 18. g3 Qxe4 19. Rg1 Qxc4+ 20. Nc3 Qc5 21. Bg2
Rf2 22. Qg5 Bf5 23. g4 Rc2+ 24. Kb1 Rxb2+ 25. Kxb2 Qb4+ 26. Kc1 Qxc3# {White
checkmated} 0-1

[Event "Team 45 45 League T44"]
[Site "Internet Chess Club"]
[Date "2010.03.05"]
[Round "5"]
[White "guttata"]
[Black "MidasMulligan"]
[Result "1-0"]
[WhiteElo "2150"]
[BlackElo "1679"]
[Opening "Dutch"]
[ECO "A80"]
[Time "09:04:06"]
[TimeControl "2700+45"]

1. d4 f5 2. Nc3 Nf6 3. Bg5 d5 4. Bxf6 exf6 5. e3 Be6 6. Qf3 Qd7 7. a3 Nc6 8. Bd3
O-O-O 9. Nge2 g5 10. h4 g4 11. Qg3 Bd6 12. Nf4 Ne7 13. Nb5 Bxf4 14. Qxf4 a6 15.
Nc3 Kb8 16. h5 Nc8 17. Qh6 Qe7 18. Ne2 Nd6 19. Qf4 Ne4 20. Ng3 Qd6 21. Qxd6 Rxd6
22. h6 Nxg3 23. fxg3 Re8 24. Rh5 Bd7 25. Kd2 c6 26. Rf1 Kc7 27. Bxf5 Bxf5 28.
Rhxf5 Rde6 29. Rxf6 Rxe3 30. Rf7+ R8e7 31. Rxe7+ Rxe7 32. Rf4 Kd6 33. Rxg4 Re6
34. Rh4 Rf6 35. Ke3 Rg6 36. Kf4 Rf6+ 37. Kg5 Rg6+ 38. Kf5 Rxg3 39. Rg4 Rxg4 40.
Kxg4 Ke6 41. Kg5 Kf7 42. Kf5 a5 43. g4 b6 44. g5 c5 45. dxc5 bxc5 46. Ke5 Kg6
47. Kxd5 Kxg5 48. Kxc5 Kxh6 49. Kd5 Kg5 50. c4 h5 51. c5 h4 52. Ke4 h3 53. Kf3
h2 54. Kg2 h1=Q+ 55. Kxh1 Kf5 56. Kg2 a4 57. Kf3 Ke5 58. c6 Kd6 59. Ke3 Kxc6 60.
Kd4 Kb5 61. Kd5 Kb6 62. Kc4 Ka5 63. Kc5 Ka6 64. Kb4 Kb6 65. Kxa4 Ka6 66. Kb4 Kb6
67. b3 Ka6 68. a4 Kb6 69. a5+ Ka6 70. Ka4 Kb7 71. Kb5 Ka7 72. b4 Kb7 73. a6+ Ka7
74. Ka5 Kb8 75. b5 Ka8 76. Kb6 Kb8 77. Kc6 Ka8 78. Kc7 Ka7 79. b6+ Ka8 80. b7+
{Black resigns} 1-0

[Event "Team 45 45 League T44"]
[Site "Internet Chess Club"]
[Date "2010.03.07"]
[Round "5"]
[White "BraafPaard"]
[Black "Nathan826"]
[Result "1-0"]
[WhiteElo "1632"]
[BlackElo "1662"]
[Opening "Sicilian: Grand Prix attack"]
[ECO "B23"]
[Time "18:08:31"]
[TimeControl "2700+45"]

1. e4 c5 2. Nc3 Nc6 3. f4 g6 4. Nf3 d6 5. Bc4 Bg7 6. O-O a6 7. Qe1 b5 8. Bd5 Bb7
9. d3 Nf6 10. Bb3 O-O 11. a3 Nd4 12. Nxd4 cxd4 13. Ne2 Nd7 14. Bd2 Nc5 15. Ba2
Qd7 16. f5 d5 17. fxg6 fxg6 18. Qh4 Rxf1+ 19. Rxf1 e6 20. exd5 Bxd5 21. Bxd5
Qxd5 22. b3 e5 23. Ng3 Rf8 24. Re1 Qf7 25. Rf1 Qc7 26. Rc1 Ne6 27. Ne4 Nf4 28.
Bxf4 Rxf4 29. Qh3 a5 30. Ng5 Bf6 31. Ne6 Qe7 32. Nxf4 exf4 33. Qf3 Qe3+ 34. Qxe3
fxe3 35. Kf1 Be7 36. a4 b4 37. Ke2 Bh4 38. g3 Bf6 39. Rf1 Kg7 40. Rf4 Kf7 41.
Re4 h5 42. h4 Bg7 43. g4 hxg4 44. Rxg4 Bf6 45. Re4 Bg7 46. Kf3 Bf6 47. Kg4 Kg7
48. h5 gxh5+ 49. Kxh5 Kf7 50. Kg4 Kg6 51. Kf3 Kf7 52. Ke2 Bg7 53. Rf4+ Ke6 54.
Rg4 Kf7 55. Rg5 {Black resigns} 1-0

[Event "Team 45 45 League T44"]
[Site "Internet Chess Club"]
[Date "2010.03.04"]
[Round "5"]
[White "zachi"]
[Black "dpawn"]
[Result "1-0"]
[WhiteElo "1947"]
[BlackElo "1832"]
[Opening "Scandinavian: Pytel-Wade variation"]
[ECO "B01"]
[Time "22:25:49"]
[TimeControl "2700+45"]

1. e4 d5 2. exd5 Qxd5 3. Nc3 Qd6 4. Nf3 a6 5. Bc4 Nf6 6. h3 b5 7. Bb3 Bb7 8. O-O
c5 9. d3 e6 10. Re1 Be7 11. Ng5 O-O 12. Nxe6 c4 13. dxc4 fxe6 14. Qxd6 Bxd6 15.
Rxe6 Rd8 16. c5 Kf8 17. cxd6 b4 18. Na4 Nbd7 19. Bg5 h6 20. Bh4 g5 21. Bg3 Ne4
22. Rxh6 Ndf6 23. Rh8+ Kg7 24. Rxd8 Rxd8 25. Be5 Kg6 26. Rd1 Nd7 27. Bh2 Kf5 28.
Bd5 Bxd5 29. Rxd5+ Ke6 30. Rd4 Ndf6 31. Rxb4 Nxd6 32. Nc5+ Ke7 33. Nxa6 Nde4 34.
Rb7+ Kf8 35. Rb8 Rxb8 36. Bxb8 Ke7 37. c4 Kd7 38. Be5 Kc6 39. f3 {Black resigns}
1-0

[Event "Team 45 45 League T44"]
[Site "Internet Chess Club"]
[Date "2010.03.12"]
[Round "5"]
[White "tenor"]
[Black "mfeatherston"]
[Result "0-1"]
[WhiteElo "1777"]
[BlackElo "1934"]
[Opening "Pirc defense"]
[ECO "B07"]
[Time "15:02:48"]
[TimeControl "2700+45"]

1. e4 d6 2. d4 Nf6 3. Nc3 Nbd7 4. f4 e5 5. Nf3 c6 6. Be2 Qc7 7. O-O Be7 8. h3 h6
9. Be3 O-O 10. Qd2 Re8 11. Bd3 Bf8 12. Rf2 exd4 13. Nxd4 Nc5 14. e5 dxe5 15.
fxe5 Nxd3 16. Qxd3 Qxe5 17. Bf4 Qc5 18. Bxh6 gxh6 19. Rxf6 Bg7 20. Rf4 Be5 21.
Rh4 Bf5 22. Qd2 Rad8 23. Ne2 Bf6 24. Qxh6 Bxh4 25. Qxh4 Qb6 26. Kh1 Bg6 27. Qg4
Re4 {White resigns} 0-1

[Event "Team 45 45 League T44"]
[Site "Internet Chess Club"]
[Date "2010.03.09"]
[Round "5"]
[White "Grenadier"]
[Black "MOchess-boy"]
[Result "0-1"]
[WhiteElo "1681"]
[BlackElo "1801"]
[Opening "Scandinavian: Pytel-Wade variation"]
[ECO "B01"]
[Time "20:00:38"]
[TimeControl "2700+45"]

1. e4 d5 2. exd5 Qxd5 3. Nc3 Qd6 4. d4 Nf6 5. Nf3 a6 6. Bc4 b5 7. Bb3 c5 8. dxc5
Qxd1+ 9. Nxd1 e6 10. Be3 Nfd7 11. O-O Bxc5 12. Re1 Bb7 13. Ne5 Bxe3 14. Rxe3
Nxe5 15. Rxe5 Nc6 16. Re1 O-O-O 17. Nc3 Kc7 18. Ne4 Kb6 19. c3 Na5 20. Bc2 Nc4
21. Ng5 Rd2 22. Nxf7 Rf8 23. Rxe6+ Ka7 24. Bxh7 Rxf7 25. f3 Nxb2 26. h4 Nd3 27.
Rd6 Bxf3 28. gxf3 Rxf3 29. Rd7+ Kb6 30. Rxg7 Nf4 31. a4 Nh3+ 32. Kh1 Rff2 33.
a5+ Kc5 34. Rc7+ Kd6 {White resigns} 0-1

[Event "Team 45 45 League T44"]
[Site "Internet Chess Club"]
[Date "2010.03.07"]
[Round "5"]
[White "civilization"]
[Black "GoIrish"]
[Result "1-0"]
[WhiteElo "1654"]
[BlackElo "1575"]
[Opening "Alekhine's defense: modern, fianchetto variation"]
[ECO "B04"]
[Time "21:07:16"]
[TimeControl "2700+45"]

1. e4 Nf6 2. e5 Nd5 3. d4 d6 4. Nf3 g6 5. Bc4 Nb6 6. Bb3 Bg7 7. Ng5 O-O 8. e6 f6
9. Nf7 Qe8 10. Nc3 Bxe6 11. Nh6+ Kh8 12. Bxe6 f5 13. O-O Rf6 14. Re1 Qf8 15. Nb5
Na6 16. Nf7+ Rxf7 17. Bxf7 Qxf7 18. c3 c6 19. Na3 Re8 20. Qe2 e5 21. Bf4 Nc7 22.
dxe5 dxe5 23. Be3 Ncd5 24. Nc4 Qc7 25. Nxb6 axb6 26. Rad1 e4 27. Bd4 Bxd4 28.
Rxd4 Nf4 29. Qd2 Re7 30. Rd8+ Kg7 31. Qd4+ Kf7 32. Qh8 Ke6 33. Qg8+ Ke5 34. Qh8+
Ke6 35. Qg8+ Ke5 36. f3 Nd3 37. Re2 b5 38. Qh8+ Kf4 39. Qd4 c5 40. g3+ Kg5 41.
f4+ Kh5 42. Qf6 Kh6 43. Rg8 Nxf4 44. gxf4 Qxf4 45. Qxe7 Qg4+ 46. Kf1 Qf4+ 47.
Rf2 Qc1+ 48. Kg2 Qg5+ 49. Qxg5+ Kxg5 50. Rh8 h5 51. Kg3 e3 52. h4+ Kf6 53. Re2
f4+ 54. Kxf4 {Black resigns} 1-0

[Event "Team 45 45 League T44"]
[Site "Internet Chess Club"]
[Date "2010.03.13"]
[Round "5"]
[White "MegaFish"]
[Black "DAISYAGERS"]
[Result "0-1"]
[WhiteElo "1726"]
[BlackElo "1928"]
[Opening "Scotch gambit: Dubois-Réti defense"]
[ECO "C55"]
[Time "17:00:13"]
[TimeControl "2700+45"]

1. e4 e5 2. Nf3 Nc6 3. d4 exd4 4. Bc4 Nf6 5. e5 Ng4 6. Qe2 Qe7 7. Bf4 d6 8. exd6
Qxe2+ 9. Bxe2 Bxd6 10. Bxd6 cxd6 11. Na3 a6 12. Rd1 Nge5 13. Nxd4 Ke7 14. Nc4
Nxc4 15. Bxc4 Be6 16. Bxe6 fxe6 17. O-O Rac8 18. c3 Rhf8 19. Rfe1 Ne5 20. Re4 g5
21. Rde1 Kd7 22. R1e2 Rf6 23. Kf1 Rcf8 24. Kg1 b5 25. a4 bxa4 26. Nc2 Rf4 27. g3
Rxe4 28. Rxe4 Rb8 29. Rxa4 Rxb2 30. Nb4 g4 31. Nxa6 Rc2 32. Nb4 Rc1+ 33. Kg2 Nf3
34. Ra7+ Kc8 {White resigns} 0-1

[Event "Team 45 45 League T44"]
[Site "Internet Chess Club"]
[Date "2010.03.05"]
[Round "5"]
[White "Charlemagne"]
[Black "ILRE"]
[Result "1-0"]
[WhiteElo "1684"]
[BlackElo "1424"]
[Opening "Pirc: Ufimtsev-Pytel variation"]
[ECO "B07"]
[Time "05:00:06"]
[TimeControl "2700+45"]

1. e4 d6 2. d4 Nf6 3. Nc3 c6 4. f4 g6 5. Nf3 Bg7 6. Bd3 Bg4 7. O-O O-O 8. h3
Bxf3 9. Qxf3 Nbd7 10. e5 dxe5 11. fxe5 Ne8 12. Bc4 e6 13. b3 Nc7 14. Ba3 Re8 15.
Qxf7+ Kh8 16. Bd6 b5 17. Bxc7 Qxc7 18. Bxe6 Rad8 19. Bxd7 Qxd7 20. Qxd7 Rxd7 21.
Ne2 c5 22. c3 cxd4 23. cxd4 Kg8 24. Rac1 Bh6 25. Rc3 Bd2 26. Rd3 Bh6 27. Rdd1 a6
28. g4 Rc8 29. a3 Rc2 30. Rfe1 Bg5 31. Nc1 Kf7 32. e6+ {Black resigns} 1-0

[Event "Team 45 45 League T44"]
[Site "Internet Chess Club"]
[Date "2010.03.05"]
[Round "5"]
[White "Itzsoweezee"]
[Black "blizzard13"]
[Result "1/2-1/2"]
[WhiteElo "1537"]
[BlackElo "1440"]
[Opening "Ruy Lopez: Schliemann defense"]
[ECO "C63"]
[Time "00:07:35"]
[TimeControl "2700+45"]

1. e4 e5 2. Nf3 Nc6 3. Bb5 f5 4. d3 fxe4 5. dxe4 Bd6 6. Nc3 Nf6 7. Bg5 O-O 8.
Nd5 a6 9. Bc4 Kh8 10. Nh4 b5 11. Bb3 Na5 12. Bxf6 Rxf6 13. Nxf6 Qxf6 14. Nf5 Bc5
15. Qe2 Nxb3 16. cxb3 d6 17. Ne3 Bb4+ 18. Kd1 c6 19. a3 Bc5 20. b4 Bd4 21. Kc1
a5 22. Nc2 axb4 23. Nxd4 exd4 24. f3 Qf4+ 25. Qd2 Qxd2+ 26. Kxd2 b3 27. Rhd1 c5
28. Ke2 Be6 29. f4 Bc4+ 30. Kf2 g6 31. e5 dxe5 32. fxe5 Rf8+ 33. Kg3 Be2 34. Rd2
d3 35. Re1 Kg7 36. Rdxe2 dxe2 37. Rxe2 h6 38. Re4 c4 39. a4 bxa4 40. Rxc4 Re8
41. Kf4 Ra8 42. e6 Kf8 43. Ke5 a3 44. bxa3 Rb8 45. Rc1 b2 46. Rb1 Rb6 47. a4 Ke7
48. Kf4 Kxe6 49. a5 Rb4+ 50. Kf3 Rb3+ 51. Kg4 Rb4+ 52. Kh3 Rb3+ 53. Kh4 {Game
drawn by mutual agreement} 1/2-1/2

[Event "Team 45 45 League T44"]
[Site "Internet Chess Club"]
[Date "2010.03.07"]
[Round "5"]
[White "DaMaGor"]
[Black "Freitac"]
[Result "1-0"]
[WhiteElo "2014"]
[BlackElo "2011"]
[Opening "English: Caro-Kann defensive system"]
[ECO "A11"]
[Time "18:04:28"]
[TimeControl "2700+45"]

1. c4 c6 2. Nf3 d5 3. e3 Nf6 4. b3 Bg4 5. Be2 e6 6. Bb2 Bd6 7. O-O O-O 8. Ne5
Bxe2 9. Qxe2 Qc7 10. f4 Nbd7 11. d4 Ne4 12. Nd2 Nxd2 13. Qxd2 Nf6 14. a4 Ne4 15.
Qd3 Bxe5 16. fxe5 f5 17. Ba3 Rf7 18. Rac1 Qd8 19. b4 Rc8 20. b5 cxb5 21. cxd5
exd5 22. Rxc8 Qxc8 23. Rc1 Rc7 24. Rxc7 Qxc7 25. Qxb5 Kf7 26. Qxd5+ Kg6 27. Qe6+
Kg5 28. h3 Qc2 29. Be7+ Kh5 30. Qxf5+ Kh6 31. Bg5+ {Black resigns} 1-0

[Event "Team 45 45 League T44"]
[Site "Internet Chess Club"]
[Date "2010.03.06"]
[Round "5"]
[White "Uragon-bocho"]
[Black "inafewminutes"]
[Result "1-0"]
[WhiteElo "2046"]
[BlackElo "1937"]
[Opening "Sicilian: Sozin, Leonhardt variation"]
[ECO "B88"]
[Time "03:05:28"]
[TimeControl "2700+45"]

1. e4 c5 2. Nf3 Nc6 3. d4 cxd4 4. Nxd4 Nf6 5. Nc3 d6 6. Bc4 e6 7. Bg5 Be7 8. Qd2
O-O 9. O-O-O Nxd4 10. Qxd4 Qa5 11. Bd2 Qc7 12. Bb3 a6 13. f3 b5 14. g4 Bb7 15.
h4 Rfd8 16. Qf2 Nd7 17. Bf4 Nb6 18. Be3 Nc4 19. Bxc4 Qxc4 20. Rd4 Qc6 21. g5 d5
22. exd5 exd5 23. Rhd1 Qe6 24. R4d3 Bc6 25. f4 Qf5 26. Ne2 Rac8 27. Nd4 Qd7 28.
f5 Bc5 29. f6 g6 30. Kb1 b4 31. h5 Bb5 32. Nxb5 Bxe3 33. Qxe3 Qxb5 34. hxg6 hxg6
35. Qh3 Qc4 36. R3d2 Qc5 37. Rh1 Qc3 38. Qh8# {Black checkmated} 1-0

[Event "Team 45 45 League T44"]
[Site "Internet Chess Club"]
[Date "2010.03.08"]
[Round "5"]
[White "Chris2p2"]
[Black "MeanMrMustard"]
[Result "1-0"]
[WhiteElo "1814"]
[BlackElo "1874"]
[Opening "Sicilian: closed"]
[ECO "B23"]
[Time "20:00:08"]
[TimeControl "2700+45"]

1. e4 c5 2. Nc3 e6 3. g3 g6 4. Bg2 Bg7 5. d3 d6 6. Be3 e5 7. Qd2 Ne7 8. Nf3 Nbc6
9. h4 h5 10. a3 a6 11. Nh2 Be6 12. f4 b5 13. Nf3 Nd4 14. Ne2 Nxe2 15. Kxe2 exf4
16. Bxf4 Bxb2 17. Raf1 Bxa3 18. Ng5 Bg4+ 19. Ke1 b4 20. Nxf7 Kxf7 21. Be5+ Kg8
22. Bxh8 Kxh8 23. Qh6+ Kg8 24. e5 Bb2 25. Bd5+ Nxd5 26. Qxg6+ Kh8 27. Rf7 Bc3+
28. Kf1 {Black resigns} 1-0

[Event "Team 45 45 League T44"]
[Site "Internet Chess Club"]
[Date "2010.03.07"]
[Round "5"]
[White "lnielsen"]
[Black "whiskeytown"]
[Result "1/2-1/2"]
[WhiteElo "1776"]
[BlackElo "1400"]
[Opening "Pirc: Austrian attack, 6.Bd3"]
[ECO "B09"]
[Time "14:24:44"]
[TimeControl "2700+45"]

1. e4 d6 2. d4 Nf6 3. Nc3 g6 4. f4 Bg7 5. Nf3 O-O 6. Bd3 Na6 7. a3 c5 8. d5 Bg4
9. O-O Nc7 10. h3 Bxf3 11. Qxf3 Qd7 12. f5 a6 13. g4 b5 14. g5 Nh5 15. Be2 Be5
16. Bd2 c4 17. Be3 Qc8 18. Rad1 Qb7 19. Bd4 Bxd4+ 20. Rxd4 Ng7 21. f6 exf6 22.
gxf6 Qb6 23. Qf2 Nge8 24. Nd1 a5 25. c3 Na6 26. Ne3 Nc5 27. Ng4 Nb3 28. h4 Nxd4
29. cxd4 Rc8 30. h5 c3 31. bxc3 Rxc3 32. Nh6+ Kh8 33. hxg6 fxg6 34. f7 Ng7 35.
e5 dxe5 36. dxe5 Qd8 37. Ng4 Qxd5 38. Bf3 Qc5 39. Qxc5 Rxc5 40. Rd1 {Game drawn
by mutual agreement} 1/2-1/2

[Event "Team 45 45 League T44"]
[Site "Internet Chess Club"]
[Date "2010.03.09"]
[Round "5"]
[White "adh2050"]
[Black "DTK"]
[Result "1/2-1/2"]
[WhiteElo "2018"]
[BlackElo "2162"]
[Opening "French: Two knights variation"]
[ECO "C00"]
[Time "22:06:20"]
[TimeControl "2700+45"]

1. e4 e6 2. Nf3 d5 3. Nc3 Nf6 4. e5 Nfd7 5. d4 c5 6. Bg5 Qb6 7. dxc5 Bxc5 8. Qd2
Bxf2+ 9. Qxf2 Qxb2 10. Kd2 Qxa1 11. Bb5 Qxh1 12. Qc5 Qxg2+ 13. Kc1 Qxg5+ 14.
Nxg5 Nc6 15. Bxc6 bxc6 16. Qxc6 Rb8 17. Nxd5 exd5 18. e6 O-O 19. exd7 Bb7 20.
Qc7 Rfd8 21. h4 d4 22. Kd2 h6 23. Nh3 Be4 24. Nf4 Bf5 25. Nh5 Bg4 26. Nf4 {Game
drawn by mutual agreement} 1/2-1/2

[Event "Team 45 45 League T44"]
[Site "Internet Chess Club"]
[Date "2010.03.06"]
[Round "5"]
[White "bobhill"]
[Black "Matusalen"]
[Result "1-0"]
[WhiteElo "2044"]
[BlackElo "2018"]
[Opening "Torre attack (Tartakower variation)"]
[ECO "D03"]
[Time "18:00:46"]
[TimeControl "2700+45"]

1. d4 d5 2. Nf3 Nf6 3. Bg5 Ne4 4. Bf4 c5 5. e3 Qb6 6. Qc1 cxd4 7. exd4 Nc6 8. c3
Bf5 9. Be2 Rc8 10. O-O e6 11. a4 Be7 12. Na3 O-O 13. Nc2 Bg4 14. h3 Bxf3 15.
Bxf3 Nd6 16. b4 a5 17. b5 Nb8 18. Qe1 Nc4 19. Bxd5 exd5 20. Qxe7 Rfe8 21. Qg5
Qd8 22. Qxd8 Rexd8 23. Bxb8 Rxb8 24. Rfe1 Kf8 25. Re2 Nb6 26. Ne1 Re8 27. Rxe8+
Rxe8 28. Nd3 Nc4 29. Ra2 b6 30. Kf1 g5 31. Re2 f6 32. Rxe8+ Kxe8 33. Ke2 Kf7 34.
g3 Kg6 35. f4 h6 36. g4 Kf7 37. f5 Ke7 38. Kd1 Kd7 39. Kc2 Kd6 40. Nb2 Ne3+ 41.
Kd2 Ng2 42. Nd3 Kd7 43. Ke2 Kd6 44. Kf2 Nh4 45. Nb2 Kc7 46. c4 Kd6 47. Kg3 h5
48. Kf2 hxg4 49. hxg4 dxc4 50. Nxc4+ Kc7 51. Kg3 Kb7 52. Nd6+ {Black resigns}
1-0

[Event "Team 45 45 League T44"]
[Site "Internet Chess Club"]
[Date "2010.03.06"]
[Round "5"]
[White "Chatica"]
[Black "Beetlejuice"]
[Result "1/2-1/2"]
[WhiteElo "1948"]
[BlackElo "1841"]
[Opening "Nimzovich-Larsen attack: classical variation"]
[ECO "A01"]
[Time "10:07:10"]
[TimeControl "2700+45"]

1. b3 d5 2. Bb2 c5 3. e3 Nf6 4. Nf3 Nc6 5. d4 cxd4 6. Nxd4 Bg4 7. Be2 Bxe2 8.
Qxe2 e6 9. O-O Be7 10. Nd2 O-O 11. Rfd1 Bd6 12. e4 Nxd4 13. Bxd4 e5 14. Bb2 Rc8
15. Rac1 d4 16. c3 dxc3 17. Bxc3 Qe7 18. Nf1 Bc5 19. Bd2 Bb6 20. Bg5 Qe6 21. h3
Nd7 22. Ng3 f6 23. Bd2 g6 24. Qb5 Rfd8 25. Rxc8 Rxc8 26. Bb4 Rc6 27. Ba3 a6 28.
Qd3 Nc5 29. Qd2 Kg7 30. Bc1 Qf7 31. Qh6+ Kg8 32. Be3 Ne6 33. Bxb6 Rxb6 34. Qd2
Rc6 35. Qd5 Rc5 36. Qd7 Nd4 37. Qd8+ Kg7 38. Rd2 Qc7 39. Qxc7+ Rxc7 {Game drawn
by mutual agreement} 1/2-1/2

[Event "Team 45 45 League T44"]
[Site "Internet Chess Club"]
[Date "2010.03.07"]
[Round "5"]
[White "room-matt"]
[Black "MisticKnights"]
[Result "1-0"]
[WhiteElo "1746"]
[BlackElo "1917"]
[Opening "Queen's pawn: Chigorin variation"]
[ECO "D00"]
[Time "12:04:09"]
[TimeControl "2700+45"]

1. d4 d5 2. Nc3 Bf5 3. Bg5 h5 4. h3 Qd6 5. e3 f6 6. Bf4 e5 7. dxe5 fxe5 8. Qxd5
Nc6 9. Qxd6 Bxd6 10. Bg5 Bxc2 11. Rc1 Bf5 12. e4 Be6 13. Nf3 Nd4 14. Nxd4 exd4
15. Nb5 Kd7 16. Nxd4 Bb4+ 17. Ke2 Bxa2 18. Ke3 Nh6 19. Bb5+ c6 20. Nxc6 Bc5+ 21.
Rxc5 bxc6 22. Bxc6+ Kd6 23. Rhc1 Raf8 24. Bd5 {Black resigns} 1-0

[Event "Team 45 45 League T44"]
[Site "Internet Chess Club"]
[Date "2010.03.08"]
[Round "5"]
[White "frank001"]
[Black "Despair"]
[Result "0-1"]
[WhiteElo "1821"]
[BlackElo "2027"]
[Opening "Alekhine's defense: modern variation, 4...Bg4"]
[ECO "B05"]
[Time "04:00:07"]
[TimeControl "2700+45"]

1. e4 Nf6 2. e5 Nd5 3. d4 d6 4. Nf3 Bg4 5. Be2 Nc6 6. O-O g6 7. Bc4 dxe5 8. dxe5
e6 9. Re1 Bg7 10. Bb5 Nb4 11. Qe2 O-O 12. c3 Bxf3 13. gxf3 a6 14. Bc4 b5 15. Bb3
Nd3 16. Rd1 Nxc1 17. Rxd8 Nxe2+ 18. Kf1 Rfxd8 19. Kxe2 {White resigns} 0-1

[Event "Team 45 45 League T44"]
[Site "Internet Chess Club"]
[Date "2010.03.04"]
[Round "5"]
[White "matein7"]
[Black "eSeM"]
[Result "0-1"]
[WhiteElo "1780"]
[BlackElo "1949"]
[Opening "QGD semi-Slav: Romih variation"]
[ECO "D46"]
[Time "22:02:29"]
[TimeControl "2700+45"]

1. d4 Nf6 2. Nf3 d5 3. c4 c6 4. Nc3 e6 5. e3 Nbd7 6. Bd3 Bb4 7. O-O O-O 8. Qc2
Qe7 9. Ne5 Nxe5 10. dxe5 Ng4 11. f4 Bc5 12. Qe2 f5 13. h3 Nh6 14. Na4 Bb4 15.
Bd2 Bxd2 16. Qxd2 dxc4 17. Be2 b5 18. Nc3 Rd8 19. Qc2 Qc5 20. Nd1 Bb7 21. b3 Rd7
22. bxc4 a5 23. Rc1 b4 24. Bf3 Rad8 25. Rf2 Rd3 26. Kh2 Nf7 27. e4 Qd4 28. c5
fxe4 29. Bg4 e3 30. Nxe3 Rc3 31. Qb1 Qxe3 32. Rcf1 Ba6 33. Rf3 Qxc5 34. Bxe6
Bxf1 35. Qf5 Rxf3 36. Bxf7+ Kh8 37. e6 Qxf5 {White resigns} 0-1